 Dungeon Crawl Stone Soup version 0.26-a0-257-g47e9e61525 (webtiles) character file.

Game seed: 58188163208399522

98 BritishOli the Ducker (level 4, -4/34 HPs)
             Began as a Demonspawn Gladiator on July 10, 2020.
             Killed from afar by Natasha (9 damage)
             ... with a magic dart
             ... on level 2 of the Dungeon.
             The game lasted 00:01:11 (1908 turns).

BritishOli the Ducker (Demonspawn Gladiator)        Turns: 1908, Time: 00:01:12

Health: -4/34      AC:  3    Str: 15    XL:     4   Next: 43%
Magic:  4/4        EV: 13    Int:  9    God:
Gold:   147        SH:  0    Dex: 15    Spells: 3/3 levels left

rFire    . . .     SeeInvis .   a - +0 long sword
rCold    . . .     Faith    .   (no shield)
rNeg     . . .     Spirit   .   b - +0 leather armour
rPois    .         Reflect  .   (helmet restricted)
rElec    .         Harm     +   k - scarf {harm}
rCorr    .                      (no gloves)
MR       .....                  (no boots)
Stlth    +.........             (no amulet)
HPRegen  0.11/turn              (no ring)
MPRegen  0.09/turn              (no ring)

@: no status effects
A: antennae 1, powered by pain 1
a: no special abilities


You were on level 2 of the Dungeon.
You were not hungry.

You visited 1 branch of the dungeon, and saw 2 of its levels.

You collected 147 gold pieces.

Inventory:

Hand Weapons
 a - a +0 long sword (weapon)
Missiles
 d - 3 throwing nets (quivered)
Armour
 b - a +0 leather armour (worn)
 k - a scarf of harm (worn)
Wands
 q - a wand of flame (24)
Scrolls
 e - 2 scrolls of teleportation {unknown}
 i - 2 scrolls of amnesia {unknown}
 j - 2 scrolls of remove curse
 l - a scroll of identify {unknown}
 n - a scroll of fear {unknown}
 p - a scroll of blinking {unknown}
Potions
 g - a potion of haste {unknown}
 h - a potion of curing
 m - 2 potions of stabbing {unknown}
Comestibles
 f - 11 rations


   Skills:
 + Level 2.7 Fighting
 + Level 3.2 Long Blades
 + Level 2.4 Throwing
 + Level 1.4 Armour
 + Level 3.2 Dodging


You had 3 spell levels left.
You didn't know any spells.
Your spell library was empty.

Dungeon Overview and Level Annotations

Branches:
Dungeon (2/15)

Altars:
Ashenzari
Gozag
Hepliaklqana
Kikubaaqudgha
Nemelex Xobeh
Wu Jian
Xom
Yredelemnul

Annotations:
D:2 Natasha


Innate Abilities, Weirdness & Mutations

You have a pair of small antennae on your head.
You sometimes gain a little power by taking damage.


Message History

You are too injured to fight recklessly!
You are too injured to fight recklessly!
You closely miss Natasha. Natasha claws you.
* * * LOW HITPOINT WARNING * * *
You miss Natasha. Natasha claws you.
* * * LOW HITPOINT WARNING * * *
You closely miss Natasha. Natasha claws you.
* * * LOW HITPOINT WARNING * * *
You slash Natasha!
Natasha is severely wounded.
Natasha drinks a potion.
Natasha is healed!
Natasha claws you.
* * * LOW HITPOINT WARNING * * *
You closely miss Natasha.
Natasha is lightly wounded.
Natasha barely misses you.
You closely miss Natasha.
Natasha is lightly wounded.
Natasha casts a spell at you. The magic dart hits you!
You die...

.#.# #.# #..######.#####.##
.#.# #.# #...............#.
...# #.# #.#########.......
.#.# #.#####............##.#.
.#.# #.......#########.###.##
##.. #######.# #.# #.## ##.#
#.# #.# #.# ...# #.#
#######.#########.# #.## #.##
#.##......h@..........###...
#(#
#.##.##.....##.####.........
#.# #.#.........##.# #.########
#.# #.#..##.....##.# ##.##
#.####.#..##.....##.###...##
............##.####.##....)####
..........#.##. .......†..[..#
.#####.##.#.###
##.##....†##.###
.##.........##### #
##...###....


You could see Natasha.

Vanquished Creatures
  Natasha (twice) (D:2)
  2 adders (D:2)
  A leopard gecko (D:2)
  3 bats
  A giant cockroach (D:1)
  3 goblins
  5 hobgoblins
  2 jackals (D:1)
  3 kobolds
  A ball python (D:2)
  3 frilled lizards (D:1)
  2 rats
28 creatures vanquished.

Notes
Turn   | Place    | Note
-------+----------+-------------------------------------------
     0 | D:1      | BritishOli the Demonspawn Gladiator began the quest for the
                  | Orb.
     0 | D:1      | Reached XP level 1. HP: 16/16 MP: 1/1
   181 | D:1      | Found a shattered altar of Ashenzari.
   196 | D:1      | Gained mutation: You sometimes gain a little power by
                  | taking damage. [demonic ancestry]
   196 | D:1      | Reached XP level 2. HP: 22/22 MP: 2/2
  1089 | D:2      | Found a hazy altar of Hepliaklqana.
  1094 | D:2      | Gained mutation: You have a pair of small antennae on your
                  | head. [demonic ancestry]
  1094 | D:2      | Reached XP level 3. HP: 24/28 MP: 3/3
  1185 | D:2      | Found a shattered altar of Ashenzari.
  1216 | D:2      | Found a shimmering altar of Xom.
  1216 | D:2      | Found an opulent altar of Gozag.
  1218 | D:2      | Found an ancient bone altar of Kikubaaqudgha.
  1219 | D:2      | Found a sparkling altar of Nemelex Xobeh.
  1220 | D:2      | Found a basalt altar of Yredelemnul.
  1263 | D:2      | Noticed Natasha
  1269 | D:2      | Killed Natasha
  1269 | D:2      | Reached skill level 1 in Armour
  1429 | D:2      | Found an ornate altar of the Wu Jian Council.
  1461 | D:2      | Noticed Natasha
  1467 | D:2      | Killed Natasha
  1467 | D:2      | Reached XP level 4. HP: 11/34 MP: 4/4
  1898 | D:2      | Noticed Natasha
  1908 | D:2      | Killed from afar by Natasha

Illustrated notes

Levels and vault maps discovered:
D:1:      dpeg_arrival_boxorama, layout_loops_ring, minmay_misc_feat_pillars,
          evilmike_ruin_ashenzari
D:2:      layout_loops_ring, old_standard_altar, old_standard_altar, minitemple,
          first_ration, uniq_natasha

Skill      XL: |  1  2  3 |
---------------+----------+-----
Throwing       | 2 |  2.4
Long Blades    | 3 |  3.2
Dodging        | 3 |  3.2
Armour         | 1 |  1.4
Fighting       | |  2.7

Action                   |  1- 3 |  4- 6 || total
-------------------------+-------+-------++-------
Melee: Long sword        |    48 |    22 ||    70
  Use: Scroll            |       |     1 ||     1
  Eat: Ration            |     1 |       ||     1
Armor: Leather armour    |     9 |     4 ||    13
Dodge: Dodged            |    38 |    15 ||    53
       Rpst.: Long sword |    14 |     2 ||    16

Table legend:
 A = Non-vault XP
 B = Vault XP
 C = Vault XP percentage of total XP
 D = Non-vault monster count
 E = Vault monster count
 F = Vault count percentage of total count
                 A         B        C        D         E       F
            +---------+---------+-------+---------+---------+-------
      Total |     104 |      36 |  25.7 |      27 |       1 |   3.6
            +---------+---------+-------+---------+---------+-------
        D:1 |      26 |       0 |   0.0 |      15 |       0 |   0.0
        D:2 |      78 |      36 |  31.6 |      12 |       1 |   7.7
            +---------+---------+-------+---------+---------+-------
